cohdb
Replays
Latest Replays
All Replays
Popular Replays
Top Player Replays
Match Explorer
How It Works
Community
CoH3 Stats
Reddit
Sign in to upload your games and track your stats! →
Sign in with Steam
Match 47174546
Unlisted
Match 47174546
Overview
Messages
Build Orders
End
Engineer Squad
Construct Barracks
Riflemen Squad
.30 cal Machine Gun
Construct Weapon Support Center
Air Support Center
Construct Medical Station
Selects Advanced Infantry Battlegroup
Selects Convert to Ranger Squad
M1919 Machine Gun Team
Selects Frontline Medical Station
Bazooka Squad
Improved M9 Bazooka Rockets
Double Sortie
Mortar Pit
Riflemen Squad
Mortar Pit
Convert to Ranger Squad
Gurkhas_rule
Rob-san
Retsugo
Karcist
anioki
Sky Blues
just a LLAMA
zmy 过来茵
0
0
Comments
sign in to comment!
No comments posted yet!